 Dungeon Crawl Stone Soup version 0.27-a0-1090-gb115f176c6 (webtiles) character file.

Game seed: 8843234506169940170

126 tsouns the Skirmisher (level 4, -2/39 HPs)
             Began as a Demonspawn Brigand on Apr 27, 2021.
             Was an Elder of Uskayaw.
             Killed from afar by an orc wizard (4 damage)
             ... with a magic dart
             ... on level 3 of the Dungeon.
             The game lasted 00:03:58 (2878 turns).

tsouns the Skirmisher (Demonspawn Brigand)          Turns: 2878, Time: 00:03:59

Health: -2/39      AC:  6    Str: 11    XL:     4   Next: 83%
Magic:  4/4        EV: 11    Int: 13    God:    Uskayaw [****..]
Gold:   132        SH:  0    Dex: 15    Spells: 3/3 levels left

rFire    . . .     SeeInvis .   a - +2 dagger
rCold    . . .     Faith    .   (no shield)
rNeg     . . .     Spirit   .   b - +0 robe
rPois    .         Reflect  .   h - +0 helmet
rElec    .         Harm     .   c - +0 cloak
rCorr    .         Rampage  .   (no gloves)
Will     .....                  (no boots)
Stlth    ++........             (no amulet)
HPRegen  0.13/turn              (no ring)
MPRegen  0.18/turn              (no ring)

@: brilliant
A: molten scales 1, magic regeneration
a: Renounce Religion, Stomp, Line Pass


You were on level 3 of the Dungeon.
You worshipped Uskayaw.
Uskayaw was noncommittal.
You visited 1 branch of the dungeon, and saw 4 of its levels.

You collected 132 gold pieces.

Inventory:

Hand Weapons
 a - a +2 dagger (weapon)
 k - a +0 halberd
Missiles
 d - 23 poisoned darts (quivered)
Armour
 b - a +0 robe (worn)
 c - a +0 cloak (worn)
 h - a +0 helmet (worn)
Scrolls
 g - 6 scrolls of identify {unknown}
 i - a scroll of enchant armour {unknown}
 j - a scroll of silence {unknown}
 m - a scroll of noise {unknown}


   Skills:
 + Level 5.1 Fighting
 - Level 1.7 Short Blades
 - Level 1.7 Throwing
 - Level 0.8 Dodging
 - Level 3.6 Stealth


You had 3 spell levels left.
You didn't know any spells.
Your spell library contained the following spells:

 Spells                   Type           Power      Damage    Failure   Level
 Corona                   Hex            0%         N/A       30%         1
 Ensorcelled Hibernation  Hex/Ice        0%         N/A       43%         2
 Confusing Touch          Hex            0%         N/A       67%         3
 Dazzling Flash           Conj/Hex       0%         N/A       67%         3
 Tukima's Dance           Hex            0%         N/A       67%         3


Dungeon Overview and Level Annotations

Branches:
Dungeon (4/15)
 Temple: D:4-7

Altars:
Uskayaw

Annotations:
D:3 3 runed translucent doors, PeterLawrence's ghost, amateur MiFi
D:4 3 runed translucent doors, p0werm0de's ghost, novice GrFi


Innate Abilities, Weirdness & Mutations

You are partially covered in molten scales. (AC +2)
You regenerate magic rapidly.


Message History

You feel better. Something hits you but does no damage.
You barely miss something. Something hits you but does no damage.
You miss something. Something hits you.
You barely miss something. Something hits you.
You hit something.
Uskayaw will force your foes to share their pain.
Throw: 2 darts (curare)
Press: ? - help, Shift-Dir - straight line You throw a curare-tipped dart.
Something hits you.
Throw: dart (curare)
Press: ? - help, Shift-Dir - straight line, f - you You throw a curare-tipped dart.
Something hits you.
Unknown command.
You hit something. Something hits you but does no damage.
You barely miss something.
You hear some strange, mumbled words.
Something tries to affect you, but you resist.
You hit something.
You hear some strange, mumbled words.
Something tries to affect you, but you resist.
You miss something. Something hits you.
* * * LOW HITPOINT WARNING * * *
You hit something but do no damage. Something hits you.
* * * LOW HITPOINT WARNING * * *
You barely miss something. Something hits you.
* * * LOW HITPOINT WARNING * * *
It was a potion of brilliance.
You feel clever all of a sudden.
You hear some strange, mumbled words.
A magic dart appears from out of thin air!
The magic dart hits you.
* * * LOW HITPOINT WARNING * * *
You miss something.
A bat comes into view.
You hear some strange, mumbled words.
A magic dart appears from out of thin air!
The magic dart hits you.
You die...

##.............####.....
#########........<......
#..#.#..#...............
##.[??.##...............
#.......#........##.....
##....Z##.....#..# .....
#....ZWZ#..).#..## .....
###+++###.......# ....
#......@{())(#..... ....
..#.#.######.....#..
...) .. ..............
#.. #............. ##
#.............
...w..........
.............. #........
......$..


You could see PeterLawrence's ghost, a bullfrog zombie and 2 howler monkey
skeletons.

Vanquished Creatures
  An adder (D:2)
  3 gnolls (D:2)
  6 dart slugs
  3 orcs (D:3)
  4 ball pythons
  7 endoplasms
  2 giant cockroaches
  6 goblins
  7 hobgoblins
  3 quokkas
  3 bats
  A frilled lizard (D:2)
  2 kobolds
  4 rats
52 creatures vanquished.

Vanquished Creatures (others)
  An orc wizard (D:3)
1 creature vanquished.

Grand Total: 53 creatures vanquished

Notes
Turn   | Place    | Note
-------+----------+-------------------------------------------
     0 | D:1      | tsouns the Demonspawn Brigand began the quest for the Orb.
     0 | D:1      | Reached XP level 1. HP: 16/16 MP: 1/1
   313 | D:1      | Gained mutation: You are partially covered in molten
                  | scales. (AC +2) [demonic ancestry]
   313 | D:1      | Reached XP level 2. HP: 13/23 MP: 2/2
   484 | D:1      | Reached skill level 3 in Fighting
   937 | D:2      | Found a faded altar of an unknown god.
   944 | D:2      | Became a worshipper of Uskayaw the Reveller
   944 | D:2      | Reached * piety under Uskayaw
   950 | D:2      | Reached XP level 3. HP: 29/29 MP: 3/3
   953 | D:2      | Reached ** piety under Uskayaw
  1326 | D:2      | Reached skill level 4 in Fighting
  1547 | D:2      | Gained mutation: You regenerate magic rapidly. [demonic
                  | ancestry]
  1547 | D:2      | Reached XP level 4. HP: 30/38 MP: 4/4
  1687 | D:2      | You fall into a shaft and drop 2 floors!
  1839 | D:4      | Found a runed translucent gate.
  1839 | D:4      | Found a runed translucent gate.
  1839 | D:4      | Found a runed translucent gate.
  1840 | D:4      | Noticed p0werm0de's ghost (novice GrFi)
  1949 | D:4      | Noticed an ogre
  2835 | D:3      | Reached *** piety under Uskayaw
  2840 | D:3      | Found a runed translucent gate.
  2840 | D:3      | Found a runed translucent gate.
  2840 | D:3      | Found a runed translucent gate.
  2840 | D:3      | Noticed PeterLawrence's ghost (amateur MiFi)
  2848 | D:3      | Reached **** piety under Uskayaw
  2852 | D:3      | Reached skill level 5 in Fighting
  2877 | D:3      | HP: 1/39 [something/magic dart (5)]
  2878 | D:3      | Killed from afar by an orc wizard

Illustrated notes

Levels and vault maps discovered:
D:1:      ncdulo_wetmaze, layout_basic
D:2:      layout_basic, ebering_ecumenical_altar_box
D:3:      layout_rooms, lemuel_doored_altar, gammafunk_ghost_necromancy,
          kennysheep_generic_room_16
D:4:      layout_basic, elyvilon_altar_4, ebering_ghost_rock_garden,
          minmay_circle_x

Skill      XL: |  1  2  3  4 |
---------------+-------------+-----
Fighting       | 3 4 5 |  5.1
Short Blades   | |  1.7
Throwing       | |  1.7
Dodging        | |  0.8
Stealth        | |  3.6

Action                   |  1- 3 |  4- 6 || total
-------------------------+-------+-------++-------
Melee: Dagger            |   107 |    92 ||   199
Throw: Dart              |     7 |     9 ||    16
  Use: Potion            |       |     3 ||     3
 Stab: Sleeping          |     6 |       ||     6
Armor: Robe              |    29 |    46 ||    75
Dodge: Dodged            |    48 |    50 ||    98

Table legend: (Time is in decaauts)
 A = Elapsed time spent in this place.
 B = Non-inter-level travel time spent in this place.
 C = Inter-level travel time spent in this place.
 D = Time resting spent in this place.
 E = Time spent auto-exploring this place.
 F = Levels seen in this place.
 G = Mean time per level.
                   A        B        C        D        E       F      G
               +--------+--------+--------+--------+--------+-----+--------+
         Total |   2866 |   2798 |     68 |      0 |   2317 |   4 |  716.5 |
       Dungeon |   2866 |   2798 |     68 |      0 |   2317 |   4 |  716.5 |
               +--------+--------+--------+--------+--------+-----+--------+

Top non-repeatable levels by time:
     D:2: 1522 daAuts
     D:1: 938 daAuts
     D:4: 303 daAuts
     D:3: 102 daAuts
